 Dungeon Crawl Stone Soup version 0.23-a0-139-ga22e90c45f (webtiles) character file.

251 Napalmbreeze the Conjurer (level 5, 0/28 HPs)
             Began as a Deep Elf Conjurer on Aug 30, 2018.
             Slain by a bullfrog (8 damage)
             ... in a sewer.
             The game lasted 00:07:34 (2800 turns).

Napalmbreeze the Conjurer (Deep Elf Conjurer)       Turns: 2800, Time: 00:07:35

Health: 0/28       AC:  2    Str:  5    XL:     5   Next: 88%
Magic:  4/14       EV: 13    Int: 21    God:
Gold:   89         SH:  0    Dex: 15    Spells: 4/14 levels left

rFire    . . .     SeeInvis .   (no weapon)
rCold    . . .     Gourm    .   (no shield)
rNeg     . . .     Faith    .   a - +0 robe
rPois    .         Spirit   .   (no helmet)
rElec    .         Reflect  .   (no cloak)
rCorr    .         Harm     .   (no gloves)
MR       .....                  (no boots)
Stlth    +.........             (no amulet)
HPRegen  0.09/turn              (no ring)
MPRegen  0.14/turn              (no ring)

@: very slow
A: no striking features
a: no special abilities


You were in a sewer.
You were not hungry.

You visited 1 branch of the dungeon, and saw 3 of its levels.
You also visited: Sewer.

You collected 89 gold pieces.

Inventory:

Armour
 a - a +0 robe (worn)
Jewellery
 e - an uncursed ring of poison resistance {unknown}
Scrolls
 f - 2 scrolls of remove curse
 n - 2 scrolls of teleportation
 o - a scroll of fog
 p - a scroll of magic mapping {unknown}
Potions
 g - a potion of cancellation {unknown}
 h - a potion of resistance {unknown}
 i - a potion of heal wounds {unknown}
 j - 2 potions of might {unknown}
 k - a potion of magic {unknown}
 l - a potion of mutation {unknown}
 m - a potion of ambrosia {unknown}
Comestibles
 b - 3 chunks of flesh
 c - 7 rations


   Skills:
 - Level 2.4 Dodging
 - Level 2.4 Stealth
 + Level 5.3 Spellcasting
 * Level 6.9 Conjurations


You had 4 spell levels left.
You knew the following spells:

 Your Spells              Type           Power        Failure   Level  Hunger
a - Magic Dart            Conj           ####         1%          1    None
d - Dazzling Spray        Conj/Hex       ###...       8%          3    ##.....
e - Iskenderun's Mystic   Conj           ####....     6%          4    ####...
s - Searing Ray           Conj           ####..       1%          2    None

Your spell library contained the following spells:

 Spells                   Type           Power        Failure   Level  Hunger
 Force Lance              Conj/Tloc      ###.....     26%         4    ####...
 Fulminant Prism          Conj/Hex       ###.......   26%         4    ####...


Dungeon Overview and Level Annotations

Branches:
Dungeon (3/15)

Altars:


Message History

You hear an angry hiss. x2; You hear a loud, deep croak!
You enter the shallow water.
Moving in this stuff is going to be slow.
The bullfrog gives a loud, deep croak!
You hear an angry hiss.
A frilled lizard comes into view.
The bullfrog hits you. The ball python completely misses you.
The ball python barely misses you. The bullfrog hits you.
The ball python barely misses you. The ball python misses you.
You feel better.
The bullfrog hits you. x2; The ball python barely misses you.
The bullfrog closely misses you. The ball python closely misses you.
The ball python grabs you. The ball python constricts you.
The bullfrog closely misses you.
You escape the ball python's grasp.
The bullfrog closely misses you.
The ball python bites you but does no damage.
The ball python grabs you. The ball python constricts you.
You escape the ball python's grasp.
The bullfrog hits you.
* * * LOW HITPOINT WARNING * * *
The bullfrog hits you!
You die...

#≈≈≈≈≈≈# #≈≈≈≈.≈#
#≈.≈.≈≈# #≈S≈≈.≈#
#.≈).≈≈# #≈≈≈#≈≈#
##≈.≈≈≈# #≈≈l≈≈≈#
#≈≈≈≈≈≈# #≈≈≈≈≈≈#
#≈≈≈≈≈≈# #≈l≈≈≈≈#
#≈≈≈≈≈≈# #≈≈S≈≈≈#
#≈≈÷≈≈≈# #≈F≈≈≈≈#
#≈≈≈≈÷≈# #####≈@≈≈≈≈#
#..≈..## #..##..≈≈.##
#.÷....###..##......#
##......##'##......##
#.......#.........#
##...†...........##
####.†.......####
####...#### #####


You could see a bullfrog, an adder (wandering), a ball python and 2 frilled
lizards.

Vanquished Creatures
  A bullfrog (Sewer)
  Ijyb (D:3)
  7 adders
  2 river rats (Sewer)
  2 oozes
  A dart slug (D:1)
  8 ball pythons (Sewer)
  6 giant cockroaches
  3 goblins
  3 hobgoblins
  A jackal (D:3)
  5 bats
  5 frilled lizards
  7 kobolds
  32 rats
84 creatures vanquished.

Notes
Turn   | Place    | Note
-------+----------+-------------------------------------------
     0 | D:1      | Napalmbreeze the Deep Elf Conjurer began the quest for the
                  | Orb.
     0 | D:1      | Reached XP level 1. HP: 10/10 MP: 6/6
   258 | D:1      | Reached XP level 2. HP: 15/15 MP: 0/8
   266 | D:1      | Learned a level 2 spell: Searing Ray
   899 | D:2      | Reached skill level 5 in Conjurations
  1139 | D:2      | Reached XP level 3. HP: 19/19 MP: 8/10
  1324 | D:2      | Found a faded altar of an unknown god.
  1563 | D:3      | Noticed Ijyb
  1572 | D:3      | Killed Ijyb
  1581 | D:3      | Reached XP level 4. HP: 19/24 MP: 0/12
  1897 | D:3      | Found a glowing drain.
  1901 | Sewer    | Entered a sewer
  1973 | Sewer    | Reached skill level 6 in Conjurations
  2359 | Sewer    | Reached XP level 5. HP: 28/28 MP: 8/14
  2447 | Sewer    | Learned a level 3 spell: Dazzling Spray
  2452 | Sewer    | Learned a level 4 spell: Iskenderun's Mystic Blast
  2786 | Sewer    | Reached skill level 5 in Spellcasting
  2800 | Sewer    | Slain by a bullfrog

Vault maps used:
D:1:      minmay_arrival_open_corners, st_stairs_7
D:2:      chequers_ecumenical_altar_simple_redux
D:3:      kennysheep_six_static_rooms, gup_sewer_entry_bowl, uniq_ijyb,
          uniq_sigmund
Sewer:    sewer_minmay_w

Skill      XL: |  1  2  3  4  5 |
---------------+----------------+-----
Conjurations   | 5 6 |  6.9
Spellcasting   | 4 5 |  5.3
Dodging        | |  2.4
Stealth        | |  2.4

Action                   |  1- 3 |  4- 6 || total
-------------------------+-------+-------++-------
Melee: Unarmed           |       |    11 ||    11
 Cast: Magic Dart        |    48 |    85 ||   133
       Searing Ray       |     3 |     2 ||     5
       Iskenderun's Myst |       |     3 ||     3
       Dazzling Spray    |       |     2 ||     2
  Use: Scroll            |     5 |       ||     5
       Potion            |     1 |     2 ||     3
  Eat: Chunk             |     1 |     5 ||     6
Armor: Robe              |     2 |     3 ||     5
       Skin              |       |     2 ||     2
Dodge: Dodged            |     6 |    30 ||    36

Table legend:
 A = Non-vault XP
 B = Vault XP
 C = Vault XP percentage of total XP
 D = Non-vault monster count
 E = Vault monster count
 F = Vault count percentage of total count
                 A         B        C        D         E       F
            +---------+---------+-------+---------+---------+-------
      Total |      85 |     274 |  76.3 |      35 |      49 |  58.3
            +---------+---------+-------+---------+---------+-------
        D:1 |      24 |       2 |   7.7 |      15 |       2 |  11.8
        D:2 |      27 |       0 |   0.0 |       9 |       0 |   0.0
        D:3 |      34 |      41 |  54.7 |      11 |       5 |  31.2
      Sewer |       0 |     231 | 100.0 |       0 |      42 | 100.0
            +---------+---------+-------+---------+---------+-------
